 Dungeon Crawl Stone Soup version 0.27.1-34-g3ba077fa99 (webtiles) character file.

Game seed: 8923067280002333033

102 safid the Shield-Bearer (level 4, -1/40 HPs)
             Began as a Hill Orc Fighter on Jan 5, 2022.
             Slain by a goblin (4 damage)
             ... led by Robin
             ... on level 3 of the Dungeon.
             The game lasted 00:04:16 (2241 turns).

safid the Shield-Bearer (Hill Orc Fighter)          Turns: 2241, Time: 00:04:17

Health: -1/40      AC:  7    Str: 19    XL:     4   Next: 78%
Magic:  0/4        EV:  7    Int:  8    God:
Gold:   77         SH:  9    Dex: 10    Spells: 3/3 levels left

rFire    + . .     SeeInvis .   k - +1 hand axe (vorpal)
rCold    + . .     Faith    .   c - +0 kite shield
rNeg     + . .     Spirit   +   b - +0 scale mail
rPois    +         Reflect  .   (no helmet)
rElec    +         Harm     .   (no cloak)
rCorr    +         Rampage  .   (no gloves)
Will     .....                  (no boots)
Stlth    ..........             i - amulet of guardian spirit
HPRegen  0.13/turn              f - ring of positive energy
MPRegen  0.09/turn              (no ring)

@: brilliant, resistant
A: no striking features
a: no special abilities


You were on level 3 of the Dungeon.
You visited 1 branch of the dungeon, and saw 3 of its levels.

You collected 77 gold pieces.

Inventory:

Hand Weapons
 a - a +0 war axe
 k - a +1 vorpal hand axe (weapon)
Missiles
 j - 5 boomerangs (quivered)
Armour
 b - a +0 scale mail (worn)
 c - a +0 kite shield (worn)
Jewellery
 f - a ring of positive energy (left hand)
 i - an amulet of guardian spirit (around neck)
Scrolls
 e - 4 scrolls of identify {unknown}
 l - a scroll of vulnerability {unknown}
 m - 2 scrolls of magic mapping {unknown}
Potions
 d - a potion of might


   Skills:
 - Level 4.0 Fighting
 + Level 4.3 Axes
 - Level 4.0 Armour
 + Level 4.3 Shields


You had 3 spell levels left.
You didn't know any spells.
Your spell library contained the following spells:

 Spells                   Type           Power      Damage    Failure   Level
 Magic Dart               Conj           0%         1d3       99%         1
 Sandblast                Erth           0%         2d4       99%         1
 Passwall                 Tmut/Erth      0%         N/A       100%        2
 Searing Ray              Conj           0%         3d3       100%        2
 Fulminant Prism          Conj/Hex       0%         3d6       100%        4
 Summon Ice Beast         Ice/Summ       0%         N/A       100%        4
 Lee's Rapid Deconstruct  Erth           0%         3d5*      100%        5
 Summon Mana Viper        Hex/Summ       0%         N/A       100%        5
 Monstrous Menagerie      Summ           0%         N/A       100%        7


Dungeon Overview and Level Annotations

Branches:
Dungeon (3/15)

Altars:

Shops:
D:1 =   D:2 [

Annotations:
D:3 Robin


Message History

You kill the hobgoblin!
You hit the goblin.
You kill the goblin!
Robin throws the goblin at you! You block the goblin's attack.
Robin roars a battlecry!
The hobgoblin goes into a battle-frenzy!
The goblin completely misses you.
You slash the goblin!
You kill the goblin!
You slash the goblin!
You kill the goblin!
Robin throws the goblin at you!
Unknown command.
Your scale mail prevents you from hitting the goblin.
You block the goblin's attack. The goblin hits you with a +0 club.
Unknown command.
You closely miss the goblin. You closely miss Robin.
Robin throws the goblin at you! You block the goblin's attack.
The goblin hits you with a +0 club.
Robin zaps a wand.
The puff of flame hits you!
* * * LOW HITPOINT WARNING * * *
Unknown command.
You closely miss the goblin. You hit Robin. You hit the goblin.
You kill the goblin!
The goblin barely misses you.
Robin roars a battlecry!
The goblins go into a battle-frenzy!
Unknown command.
You closely miss the goblin. You hit Robin but do no damage.
The goblin hits you but does no damage.
Unknown command.
It was a potion of resistance.
You feel protected. You block the goblin's attack. You block Robin's attack.
The hobgoblin hits you but does no damage.
It was a potion of brilliance.
You feel clever all of a sudden.
A goblin comes into view. It is wielding a +0 club.
The goblin hits you with a +0 club.
You die...

................................>
##.#####.........####'##...###...
....####.........#.........# #...
##...............#......#'####...
##########......#......#....#...
#..................#....#...
###................#....#...
#.........g))......#....#...
#..........@g###+##.....#...
+......#####g###.##.....####
#..#...# #.g.g..##........#
#..#...####................# #.
+......#................# #
##..####.............#### ##.#
#......##.....####
.######.#####+###g##.........
......................##.....


You could see Robin, a hobgoblin (strong) and 4 goblins.

Vanquished Creatures
  3 adders
  An adder skeleton (D:2)
  A worm (D:2)
  2 dart slugs
  An orc (D:3)
  4 ball pythons
  4 bats
  6 endoplasms
  2 giant cockroaches
  10 goblins
  9 hobgoblins
  A quokka (D:1)
  9 frilled lizards (D:2)
  4 kobolds (D:1)
  3 rats
60 creatures vanquished.

Notes
Turn   | Place    | Note
-------+----------+-------------------------------------------
     0 | D:1      | safid the Hill Orc Fighter began the quest for the Orb.
     0 | D:1      | Reached XP level 1. HP: 19/19 MP: 1/1
   105 | D:1      | Reached XP level 2. HP: 27/27 MP: 2/2
   717 | D:1      | Reached XP level 3. HP: 32/33 MP: 3/3
   946 | D:1      | Found Xeschik's Jewellery Shop.
  1292 | D:2      | Reached XP level 4. HP: 17/40 MP: 4/4
  1684 | D:2      | Found Quatin's Armour Shop.
  2206 | D:3      | Noticed Robin
  2241 | D:3      | Slain by a goblin

Illustrated notes

Levels and vault maps discovered:
D:1:      dpeg_arrival_morbid_curiosity, layout_loops_ring, serial_shops, shop,
          minmay_misc_feat_four_crosses
D:2:      layout_basic, serial_shops, nicolae_shop_behind_doors,
          minmay_lizard_pond
D:3:      layout_basic, shapermc_ecumenical_altar_notcrosses,
          minmay_misc_feat_square, grunt_ministairs_15, uniq_robin

Skill      XL: |  1  2  3  4 |
---------------+-------------+-----
Axes           | 3 4 |  4.3
Fighting       | 4 |  4.0
Shields        | 4 |  4.3
Armour         | 4 |  4.0

Action                   |  1- 3 |  4- 6 || total
-------------------------+-------+-------++-------
Melee: War axe           |   120 |    38 ||   158
       Hand axe          |       |    23 ||    23
  Use: Potion            |       |     2 ||     2
Armor: Scale mail        |    67 |    34 ||   101
Dodge: Dodged            |    40 |    30 ||    70
Block: Kite shield       |    55 |    27 ||    82
